 Dungeon Crawl Stone Soup version 0.22-a0-352-gc608dd7 (webtiles) character file.

105 Amnesiac the Ducker (level 4, -3/33 HPs)
             Began as a Mummy Earth Elementalist on Apr 15, 2018.
             Slain by a gnoll
             ... wielding a +0 spear
              (7 damage)
             ... on level 3 of the Dungeon.
             The game lasted 00:03:31 (2519 turns).

Amnesiac the Ducker (Mummy Earth Elementalist)      Turns: 2519, Time: 00:03:31

Health: -3/33      AC:  3    Str: 11    XL:     4   Next: 53%
Magic:  8/8        EV: 13    Int: 15    God:
Gold:   76         SH:  0    Dex: 12    Spells: 5/8 levels left

rFire    x . .     SeeInvis .   a - +2 hunting sling (freeze)
rCold    + . .     Gourm    .   (no shield)
rNeg     + + +     Faith    .   c - +0 robe
rPois    ∞         Spirit   .   (no helmet)
rElec    .         Reflect  .   e - +0 cloak
rCorr    .         Harm     .   (no gloves)
MR       .....                  (no boots)
Stlth    ++........             (no amulet)
HPRegen  0.11/turn              (no ring)
MPRegen  0.11/turn              (no ring)

@: no status effects
A: no food or potions, fire vulnerability, cold resistance 1, negative energy
resistance 3, torment resistance, unbreathing
a: no special abilities


You were on level 3 of the Dungeon.
You were not hungry.

You visited 1 branch of the dungeon, and saw 3 of its levels.

You collected 76 gold pieces.

Inventory:

Hand Weapons
 a - a +2 hunting sling of freezing (weapon)
 i - a +2 dagger of flaming
Missiles
 b - 68 stones (quivered)
 f - 15 poisoned needles
Armour
 c - a +0 robe (worn)
 e - a +0 cloak (worn)
Scrolls
 g - a scroll of blinking {!r}
 h - 2 scrolls of remove curse {!r}
 j - a scroll of identify {!r, unknown}


   Skills:
 + Level 2.1 Fighting
 * Level 3.3 Dodging
 - Level 1.5 Stealth
 - Level 2.6 Spellcasting
 - Level 0.7 Transmutations
 - Level 2.6 Earth Magic


You had 5 spell levels left.
You knew the following spells:

 Your Spells              Type           Power        Failure   Level  Hunger
a - Sandblast             Erth           #.....       7%          1    N/A
b - Passwall              Tmut/Erth      #.........   16%         2    N/A

Dungeon Overview and Level Annotations

Branches:
Dungeon (3/15)

Altars:
Cheibriados


Innate Abilities, Weirdness & Mutations

You do not eat or drink.
Your flesh is vulnerable to fire.
You are immune to poison.
Your flesh is cold resistant. (rC+)
You are immune to negative energy. (rN+++)
You are immune to unholy pain and torment.
You can survive without breathing.


Message History

Aim: a phantom (moderately damaged)
You shoot a stone. The stone closely misses the phantom.
The phantom hits you!
Firing (i - inventory)
b - 72 stones (quivered)
Press: ? - help, Shift-Dir - straight line, f/p - phantom
Aim: a phantom (lightly damaged)
You shoot a stone. The stone closely misses the phantom.
The phantom misses you.
Firing (i - inventory)
b - 71 stones (quivered)
Press: ? - help, Shift-Dir - straight line, f/p - phantom
Aim: a phantom (lightly damaged)
You shoot a stone. The stone closely misses the phantom.
The phantom hits you.
Firing (i - inventory)
b - 70 stones (quivered)
Press: ? - help, Shift-Dir - straight line, f/p - phantom
Aim: a phantom (lightly damaged)
You shoot a stone. The stone closely misses the phantom.
The phantom hits you.
* * * LOW HITPOINT WARNING * * *
Firing (i - inventory)
b - 69 stones (quivered)
Press: ? - help, Shift-Dir - straight line, f/p - phantom
Aim: a phantom (lightly damaged)
You shoot a stone.
The stone hits the phantom but does no damage.
The phantom is lightly damaged.
The phantom barely misses you. The phantom hits you.
* * * LOW HITPOINT WARNING * * *
A kobold comes into view.
Found a scroll of remove curse.
The phantom hits you.
* * * LOW HITPOINT WARNING * * *
The phantom blinks!
Found a ring mail.
You see here a stone.
You see here 2 stones.
You see here a stone.
Found a scroll labeled FAMEHE CETSAR.
You see here 3 stones.
An adder comes into view.
The phantom blinks!
This spell is slightly dangerous to cast.
Memorise Stone Arrow, consuming 3 spell levels and leaving 2?
Okay, then.
Casting: Sandblast (safe; 7% risk of failure)
Confirm with . or Enter, or press ? or * to list all spells.
Which direction?
You begin to meditate on the wall.
You continue meditating on the rock. x2
You finish merging with the rock.
A gnoll comes into view. It is wielding a spear.
A gnoll comes into view. It is wielding a spear.
The gnoll shouts! x2; You hear a shout! x2; You hear a bark!
The gnoll moves out of view.
Something unseen opens the door.
You hear a shout! x2; You hear an angry hiss.
A gnoll comes into view.
A frilled lizard comes into view.
The frilled lizard hisses angrily.
The gnoll misses you.
The gnoll hits you from afar with a spear!
* * * LOW HITPOINT WARNING * * *
A quokka and a gnoll come into view.
An orc comes into view. It is wielding a mace.
A jackal comes into view.
The jackal barks!
You hear a shout!
Found 2 bubbling blue potions.
You open the door.
The gnoll hits you from afar with a spear!
You die...

..... ..! .....##
... ......# #.#
......# #.# .....#
#.# ...# #.# #####
#####.#########...#
...........g.hg.@.#
#####.###########'#
#+# #.# ## #.# #.#
#.# ... .#.


You could see 2 gnolls and a jackal.

Vanquished Creatures
  3 adders (D:2)
  3 worms (D:2)
  A dart slug (D:1)
  4 leopard geckos
  7 giant cockroaches
  8 goblins
  7 hobgoblins
  6 jackals (D:1)
  2 quokkas
  A ball python (D:1)
  4 bats
  2 frilled lizards
  4 kobolds
  5 rats
57 creatures vanquished.

Notes
Turn   | Place    | Note
-------+----------+-------------------------------------------
     0 | D:1      | Amnesiac the Mummy Earth Elementalist began the quest for the Orb.
     0 | D:1      | Reached XP level 1. HP: 13/13 MP: 4/4
   209 | D:1      | Reached skill level 2 in Dodging
   234 | D:1      | Reached XP level 2. HP: 10/20 MP: 5/5
   238 | D:1      | Learned a level 2 spell: Passwall
   684 | D:1      | Reached skill level 1 in Fighting
  1034 | D:1      | Reached XP level 3. HP: 12/26 MP: 2/7
  1415 | D:2      | Found a snail-covered altar of Cheibriados.
  1615 | D:2      | Reached skill level 3 in Dodging
  1615 | D:2      | Reached XP level 4. HP: 26/33 MP: 8/8
  2425 | D:3      | Noticed a phantom
  2489 | D:3      | HP: 1/33 [gnoll/spear (10)]
  2519 | D:3      | Slain by a gnoll

Vault maps used:
D:1:      dpeg_arrival_prison
D:2:      cheibriados_altar_1
D:3:      serial_co_window_serial, co_window_paths_a, co_window_cross_1,
          co_window_paths_a, co_window_paths_a, co_window_of_opportunity_a,
          co_window_corner_a, co_window_paths_b, co_window_corner_b,
          co_window_corner_cb, co_window_cross_2, co_window_paths_c,
          co_window_2corner, co_window_paths_e, glass_columns_a

Skill      XL: |  1  2  3  4 |
---------------+-------------+-----
Dodging        | 2 3 |  3.3
Fighting       | 1 2 |  2.1
Stealth        | |  1.5
Spellcasting   | |  2.6
Transmutations | |  0.7
Earth Magic    | |  2.6

Action                   |  1- 3 |  4- 6 || total
-------------------------+-------+-------++-------
Melee: Unarmed           |    23 |       ||    23
       Dagger            |    81 |       ||    81
 Fire: Hunting sling     |    35 |    59 ||    94
 Cast: Sandblast         |    21 |       ||    21
       Passwall          |       |     1 ||     1
  Use: Scroll            |     1 |     2 ||     3
 Stab: Sleeping          |     3 |       ||     3
Armor: Robe              |    34 |     1 ||    35
Dodge: Dodged            |    83 |     7 ||    90

Table legend:
 A = Spawn XP
 B = Non-spawn XP
 C = Spawn XP percentage of total XP
 D = Spawn monster count
 E = Non-spawn monster count
 F = Spawn count percentage of total count
 G = Total turns spent on level
                    A         B        C        D         E        F      G
               +---------+---------+-------+---------+---------+-------+---------
         Total |       0 |     150 |   0.0 |       0 |      57 |   0.0 |  2519
               +---------+---------+-------+---------+---------+-------+---------
           D:1 |       0 |      59 |   0.0 |       0 |      32 |   0.0 |  1415
           D:2 |       0 |      87 |   0.0 |       0 |      23 |   0.0 |   999
           D:3 |       0 |       4 |   0.0 |       0 |       2 |   0.0 |   105
               +---------+---------+-------+---------+---------+-------+---------
